[ AOE2 MATCH · #464595167 ]
Team RMJapanese vs Koreans
[ REPLAY ANALYSIS · EXTRACTED FROM THE RECORDED GAME ]
Feudal
—
Castle
—
Imperial
—
| APM avg | 28.9 |
| APM peak | 242 |
| eAPM avg | 26.3 |
| Villagers / military | 125 / 324 |
Focus
⚔️ 22.3% · 🌾 77.7%
Samurai ×271 · Unknown (2626) ×82 · Trade Cart ×38 · Fishing Ship ×33 · Fire Galley ×30 · Trebuchet (Packed) ×13
Feudal
—
Castle
—
Imperial
—
| APM avg | 15.1 |
| APM peak | 59 |
| eAPM avg | 13.1 |
| Villagers / military | 166 / 375 |
Focus
⚔️ 31.8% · 🌾 68.2%
Spearman ×276 · Mangonel ×58 · Trade Cart ×38 · Woad Raider ×37 · Monk ×2 · Cannon Galleon ×2
Feudal
—
Castle
—
Imperial
—
| APM avg | 18.3 |
| APM peak | 67 |
| eAPM avg | 14.0 |
| Villagers / military | 80 / 257 |
Focus
⚔️ 51.8% · 🌾 48.2%
Fire Galley ×103 · Hussite Wagon ×74 · Bombard Cannon ×37 · Cannon Galleon ×33 · Trade Cart ×28 · Fishing Ship ×8
Feudal
—
Castle
—
Imperial
—
| APM avg | 13.7 |
| APM peak | 44 |
| eAPM avg | 9.2 |
| Villagers / military | 83 / 202 |
Focus
⚔️ 45.6% · 🌾 54.4%
Knight ×185 · Trade Cart ×13 · Teutonic Knight ×6 · Monk ×4 · Trebuchet (Packed) ×4 · Scout Cavalry ×3
Feudal
—
Castle
—
Imperial
—
| APM avg | 12.4 |
| APM peak | 54 |
| eAPM avg | 9.0 |
| Villagers / military | 105 / 576 |
Focus
⚔️ 43.7% · 🌾 56.3%
Longbowman ×220 · Knight ×191 · Spearman ×151 · Trade Cart ×26 · Trebuchet (Packed) ×6 · Fishing Ship ×4
Feudal
—
Castle
—
Imperial
—
| APM avg | 29.0 |
| APM peak | 59 |
| eAPM avg | 17.5 |
| Villagers / military | 136 / 352 |
Focus
⚔️ 27.1% · 🌾 72.9%
Camel Scout ×131 · Hand Cannoneer ×128 · Knight ×65 · Trade Cart ×36 · Cannon Galleon ×11 · Fishing Ship ×10
Feudal
—
Castle
—
Imperial
—
| APM avg | 17.8 |
| APM peak | 52 |
| eAPM avg | 15.7 |
| Villagers / military | 102 / 446 |
Focus
⚔️ 52.8% · 🌾 47.2%
Chu Ko Nu ×232 · Spearman ×91 · Militia ×71 · Trade Cart ×35 · Scorpion ×23 · Trebuchet (Packed) ×13
Feudal
—
Castle
—
Imperial
—
| APM avg | 15.5 |
| APM peak | 57 |
| eAPM avg | 12.5 |
| Villagers / military | 126 / 376 |
Focus
⚔️ 58.9% · 🌾 41.1%
War Wagon ×206 · Spearman ×161 · Trebuchet (Packed) ×8 · Monk ×1
Match map
Resources at game start + every placement click. Thick line = wall · dashed box = detected house wall. 🟡 gold · ⚪ stone · 🟢 berries · 🔶 boar · ⭕ relic
Inputs per minute
— SkilzDatKilz845 - - Jaereg
Build order — SkilzDatKilz845
First 150 of 567 actions detected
| 0:02 | Create | Villager (Male) |
| 0:04 | Build | House |
| 0:08 | Build | House |
| 0:12 | Build | House |
| 0:14 | Create | Villager (Male) |
| 0:14 | Create | Villager (Male) |
| 0:15 | Create | Villager (Male) |
| 0:15 | Create | Villager (Male) |
| 0:19 | Research | Loom |
| 0:20 | Create | Villager (Male) ×3 |
| 2:02 | Create | Villager (Male) |
| 2:40 | Create | Villager (Male) |
| 2:41 | Create | Villager (Male) |
| 3:21 | Create | Villager (Male) |
| 3:21 | Create | Villager (Male) |
| 4:27 | Create | Villager (Male) |
| 4:27 | Create | Villager (Male) |
| 4:28 | Create | Villager (Male) |
| 5:33 | Build | Mill |
| 5:58 | Build | Lumber Camp |
| 6:18 | Create | Villager (Male) |
| 6:19 | Create | Villager (Male) |
| 6:19 | Create | Villager (Male) |
| 6:19 | Create | Villager (Male) |
| 6:35 | Build | Mill |
| 7:11 | Create | Villager (Male) |
| 7:25 | Create | Villager (Male) |
| 7:42 | Build | House |
| 7:50 | Build | House |
| 8:03 | Build | Barracks |
| 8:16 | Create | Villager (Male) |
| 8:30 | Create | Villager (Male) |
| 8:30 | Create | Villager (Male) |
| 8:45 | Create | Villager (Male) |
| 9:21 | Build | Mining Camp |
| 9:24 | Create | Villager (Male) |
| 9:24 | Create | Villager (Male) |
| 9:24 | Create | Villager (Male) |
| 9:25 | Create | Villager (Male) |
| 9:50 | Build | Dock |
| 10:00 | Build | House |
| 10:01 | Build | House |
| 10:02 | Build | House |
| 10:06 | Build | House |
| 10:09 | Create | Villager (Male) |
| 10:22 | Create | Villager (Male) |
| 10:41 | Create | Villager (Male) |
| 10:41 | Create | Villager (Male) |
| 10:49 | Create | Villager (Male) |
| 10:55 | Create | Villager (Male) |
| 11:04 | Create | Fishing Ship |
| 11:25 | Create | Villager (Male) |
| 11:48 | Create | Villager (Male) |
| 11:48 | Create | Villager (Male) |
| 11:51 | Create | Villager (Male) |
| 12:09 | Create | Fishing Ship |
| 12:11 | Create | Fishing Ship |
| 12:14 | Create | Villager (Male) |
| 12:21 | Research | Feudal Age |
| 12:49 | Build | Lumber Camp |
| 12:57 | Create | Fishing Ship |
| 13:01 | Build | House |
| 13:09 | Create | Villager (Male) |
| 13:09 | Create | Villager (Male) |
| 13:09 | Create | Villager (Male) |
| 13:46 | Build | House |
| 13:48 | Build | House |
| 13:50 | Build | House |
| 13:52 | Build | House |
| 13:59 | Build | House |
| 14:01 | Build | House |
| 14:56 | Create | Villager (Male) |
| 14:57 | Create | Villager (Male) |
| 15:05 | Build | Mining Camp |
| 15:13 | Create | Fishing Ship |
| 15:13 | Create | Fishing Ship |
| 15:15 | Research | Tech 906 |
| 15:24 | Create | Fishing Ship |
| 15:53 | Build | Blacksmith |
| 16:05 | Create | Fishing Ship |
| 16:11 | Create | Villager (Male) |
| 16:11 | Create | Villager (Male) |
| 17:03 | Build | Dock |
| 17:08 | Create | Villager (Male) |
| 17:08 | Create | Villager (Male) |
| 17:32 | Build | Archery Range |
| 17:39 | Create | Villager (Male) |
| 17:39 | Create | Villager (Male) |
| 18:16 | Build | Stable |
| 18:43 | Create | Villager (Male) |
| 18:44 | Create | Villager (Male) |
| 18:54 | Build | Lumber Camp |
| 19:16 | Create | Fishing Ship ×3 |
| 19:42 | Build | Market |
| 19:50 | Create | Scout Cavalry |
| 20:09 | Create | Transport Ship |
| 20:17 | Create | Villager (Male) |
| 20:18 | Create | Villager (Male) |
| 20:19 | Create | Villager (Male) |
| 20:43 | Build | Lumber Camp |
| 20:59 | Research | Castle Age |
| 21:20 | Research | Double-Bit Axe |
| 21:24 | Research | Horse Collar |
| 21:29 | Research | Arson |
| 22:55 | Create | Villager (Male) ×5 |
| 23:06 | Build | Farm |
| 23:07 | Build | Farm |
| 23:07 | Build | Farm |
| 23:07 | Build | Farm |
| 23:08 | Build | Farm |
| 23:08 | Build | Farm |
| 24:01 | Build | Castle |
| 24:13 | Research | Squires |
| 24:14 | Research | Gambesons |
| 24:33 | Create | Trade Cart ×5 |
| 24:35 | Create | Trade Cart ×5 |
| 25:10 | Create | Fishing Ship ×5 |
| 25:13 | Research | Gillnets |
| 25:15 | Create | Fishing Ship ×2 |
| 25:18 | Create | Fishing Ship ×5 |
| 25:18 | Create | Fishing Ship ×2 |
| 25:32 | Create | Villager (Male) |
| 25:32 | Create | Villager (Male) |
| 25:32 | Create | Villager (Male) |
| 25:33 | Create | Villager (Male) |
| 25:40 | Research | Heavy Plow |
| 26:10 | Build | Town Center |
| 26:28 | Research | Scale Mail Armor |
| 26:29 | Research | Forging |
| 27:06 | Create | Villager (Male) |
| 27:06 | Create | Villager (Male) |
| 27:14 | Research | Bow Saw |
| 27:22 | Create | Villager (Male) |
| 27:22 | Create | Villager (Male) |
| 27:23 | Create | Villager (Male) |
| 27:23 | Create | Villager (Male) |
| 27:23 | Create | Villager (Male) |
| 27:23 | Create | Villager (Male) |
| 27:50 | Create | Villager (Male) |
| 27:50 | Create | Villager (Male) |
| 28:05 | Create | Transport Ship |
| 28:05 | Create | Transport Ship |
| 28:07 | Create | Transport Ship |
| 28:09 | Create | Fishing Ship ×5 |
| 28:10 | Create | Fishing Ship |
| 28:10 | Create | Fishing Ship |
| 28:18 | Research | Chain Mail Armor |
| 29:00 | Create | Villager (Male) |
| 29:00 | Create | Villager (Male) |
| 29:00 | Create | Villager (Male) |
Build order — Jaereg
First 150 of 513 actions detected
| 0:30 | Build | House |
| 0:47 | Create | Villager (Male) ×4 |
| 2:17 | Create | Villager (Male) |
| 2:40 | Create | Villager (Male) |
| 2:46 | Research | Loom |
| 3:09 | Create | Villager (Male) |
| 3:15 | Research | Loom |
| 3:31 | Create | Villager (Male) |
| 3:34 | Create | Villager (Male) |
| 3:37 | Research | Loom |
| 3:45 | Build | House |
| 3:49 | Research | Loom |
| 4:08 | Create | Villager (Male) |
| 4:09 | Create | Villager (Male) |
| 4:19 | Build | House |
| 4:35 | Create | Villager (Male) |
| 5:01 | Create | Villager (Male) |
| 5:01 | Create | Villager (Male) |
| 5:06 | Build | House |
| 5:12 | Build | House |
| 5:19 | Build | House |
| 5:35 | Create | Villager (Male) |
| 6:07 | Create | Villager (Male) |
| 6:07 | Create | Villager (Male) |
| 6:08 | Create | Villager (Male) |
| 6:08 | Create | Villager (Male) |
| 6:45 | Build | Mill |
| 8:30 | Create | Villager (Male) |
| 8:50 | Create | Villager (Male) |
| 9:34 | Create | Villager (Male) |
| 9:35 | Create | Villager (Male) |
| 9:49 | Build | Lumber Camp |
| 9:50 | Create | Villager (Male) |
| 10:11 | Create | Villager (Male) |
| 10:12 | Create | Villager (Male) |
| 10:12 | Create | Villager (Male) |
| 10:36 | Build | Dock |
| 11:29 | Build | Farm |
| 11:29 | Build | Farm |
| 11:29 | Build | Farm |
| 11:29 | Build | Farm |
| 11:57 | Build | Farm |
| 12:00 | Build | Farm |
| 12:06 | Create | Villager (Male) |
| 12:07 | Create | Villager (Male) |
| 12:16 | Create | Villager (Male) |
| 12:20 | Create | Villager (Male) |
| 12:22 | Create | Villager (Male) |
| 12:47 | Build | Farm |
| 12:49 | Build | Farm |
| 12:50 | Build | Farm |
| 13:04 | Research | Feudal Age |
| 14:21 | Create | Villager (Male) |
| 14:21 | Create | Villager (Male) |
| 14:21 | Create | Villager (Male) |
| 14:53 | Create | Villager (Male) |
| 15:58 | Research | Wheelbarrow |
| 16:01 | Research | Double-Bit Axe |
| 16:07 | Build | Farm |
| 16:10 | Build | Farm |
| 16:17 | Build | Farm |
| 16:19 | Build | Farm |
| 16:26 | Build | Market |
| 17:02 | Build | Mill |
| 17:24 | Build | Blacksmith |
| 17:56 | Create | Villager (Male) |
| 18:04 | Research | Horse Collar |
| 18:20 | Research | Castle Age |
| 18:26 | Build | Mining Camp |
| 19:28 | Research | Gold Mining |
| 21:05 | Build | University |
| 21:32 | Build | Monastery |
| 21:37 | Research | Hand Cart |
| 22:03 | Create | Monk |
| 22:21 | Create | Villager (Male) |
| 22:21 | Create | Villager (Male) |
| 22:50 | Research | Treadmill Crane |
| 23:19 | Build | House |
| 23:25 | Build | House |
| 23:37 | Build | Lumber Camp |
| 23:55 | Build | Town Center |
| 24:10 | Build | Farm |
| 24:11 | Build | Farm |
| 24:22 | Create | Villager (Male) |
| 24:25 | Build | Farm |
| 24:35 | Build | Farm |
| 24:35 | Build | Farm |
| 24:55 | Create | Villager (Male) |
| 24:56 | Create | Villager (Male) |
| 24:56 | Create | Villager (Male) |
| 24:56 | Create | Villager (Male) |
| 25:10 | Build | Town Center |
| 25:33 | Research | Stone Mining |
| 25:35 | Create | Villager (Male) |
| 25:35 | Create | Villager (Male) |
| 25:36 | Create | Villager (Male) |
| 25:41 | Create | Villager (Male) |
| 25:43 | Create | Villager (Male) |
| 25:49 | Research | Heavy Plow |
| 25:59 | Create | Villager (Male) |
| 25:59 | Create | Villager (Male) |
| 25:59 | Create | Villager (Male) |
| 26:15 | Create | Villager (Male) |
| 26:15 | Create | Villager (Male) |
| 26:28 | Create | Villager (Male) |
| 26:28 | Create | Villager (Male) |
| 26:47 | Build | Town Center |
| 27:01 | Create | Villager (Male) |
| 27:02 | Create | Villager (Male) |
| 27:02 | Create | Villager (Male) |
| 27:02 | Create | Villager (Male) |
| 27:22 | Create | Villager (Male) |
| 27:22 | Create | Villager (Male) |
| 27:23 | Create | Villager (Male) |
| 27:23 | Create | Villager (Male) |
| 27:31 | Build | Mining Camp |
| 27:36 | Build | Lumber Camp |
| 27:42 | Create | Villager (Male) |
| 27:42 | Create | Villager (Male) |
| 27:42 | Create | Villager (Male) |
| 27:43 | Create | Villager (Male) |
| 27:59 | Build | House |
| 28:01 | Build | House |
| 28:02 | Build | House |
| 28:04 | Build | House |
| 28:12 | Build | House |
| 28:14 | Build | House |
| 28:15 | Build | House |
| 28:17 | Build | House |
| 28:38 | Build | Mining Camp |
| 28:49 | Create | Villager (Male) |
| 28:49 | Create | Villager (Male) |
| 28:50 | Create | Villager (Male) |
| 28:52 | Create | Villager (Male) |
| 28:52 | Create | Villager (Male) |
| 28:52 | Create | Villager (Male) |
| 28:58 | Create | Trade Cart |
| 28:59 | Create | Trade Cart |
| 29:12 | Create | Villager (Male) |
| 29:12 | Create | Villager (Male) |
| 29:15 | Create | Villager (Male) |
| 29:15 | Create | Villager (Male) |
| 29:21 | Build | House |
| 29:22 | Build | House |
| 29:24 | Build | House |
| 29:55 | Create | Villager (Male) |
| 29:55 | Create | Villager (Male) |
| 29:55 | Create | Villager (Male) |
| 29:56 | Create | Villager (Male) |
| 29:56 | Create | Villager (Male) |
Build order — fred.ferrone
First 150 of 493 actions detected
| 0:07 | Build | House |
| 0:09 | Build | House |
| 0:18 | Create | Villager (Male) |
| 0:19 | Create | Villager (Male) |
| 0:19 | Create | Villager (Male) |
| 0:19 | Create | Villager (Male) |
| 1:48 | Create | Villager (Male) |
| 2:15 | Create | Villager (Male) |
| 3:30 | Create | Villager (Male) |
| 3:31 | Create | Villager (Male) |
| 3:31 | Create | Villager (Male) |
| 3:41 | Build | Mill |
| 3:57 | Create | Villager (Male) |
| 3:57 | Create | Villager (Male) |
| 4:26 | Research | Loom |
| 4:27 | Create | Villager (Male) |
| 4:27 | Create | Villager (Male) |
| 4:46 | Build | House |
| 4:47 | Build | House |
| 5:33 | Create | Villager (Male) |
| 5:33 | Create | Villager (Male) |
| 5:33 | Create | Villager (Male) |
| 6:17 | Create | Villager (Male) |
| 6:31 | Create | Villager (Male) |
| 6:31 | Create | Villager (Male) |
| 6:45 | Build | Mill |
| 6:54 | Create | Villager (Male) |
| 7:36 | Build | Lumber Camp |
| 7:55 | Create | Villager (Male) |
| 7:55 | Create | Villager (Male) |
| 8:03 | Create | Villager (Male) |
| 8:29 | Create | Villager (Male) |
| 9:00 | Build | Dock |
| 9:34 | Create | Villager (Male) |
| 9:34 | Create | Villager (Male) |
| 10:08 | Build | Barracks |
| 10:43 | Build | House |
| 10:52 | Create | Fishing Ship |
| 10:54 | Create | Fishing Ship |
| 11:07 | Build | Farm |
| 11:47 | Create | Fishing Ship |
| 11:48 | Create | Fishing Ship |
| 11:57 | Build | House |
| 11:58 | Build | House |
| 12:20 | Research | Feudal Age |
| 13:18 | Build | Farm |
| 13:19 | Build | Farm |
| 13:20 | Build | Farm |
| 13:22 | Build | Farm |
| 13:40 | Create | Villager (Male) |
| 13:41 | Create | Villager (Male) |
| 13:41 | Create | Villager (Male) |
| 13:41 | Create | Villager (Male) |
| 13:42 | Create | Villager (Male) |
| 13:42 | Create | Villager (Male) |
| 13:42 | Create | Villager (Male) |
| 14:41 | Build | Mining Camp |
| 14:46 | Build | Mining Camp |
| 15:02 | Build | Stone Wall |
| 15:21 | Build | Stone Wall |
| 15:27 | Build | Stone Wall |
| 15:41 | Build | Stone Wall |
| 15:54 | Research | Tech 906 |
| 15:56 | Create | Fishing Ship |
| 15:56 | Create | Fishing Ship |
| 15:56 | Create | Fishing Ship |
| 15:57 | Create | Fishing Ship |
| 16:07 | Build | House |
| 16:08 | Build | House |
| 16:09 | Build | House |
| 16:14 | Create | Villager (Male) |
| 16:14 | Create | Villager (Male) |
| 16:15 | Create | Villager (Male) |
| 17:21 | Research | Wheelbarrow |
| 17:47 | Build | Market |
| 17:50 | Build | Blacksmith |
| 18:13 | Build | Building 490 |
| 18:19 | Build | Stone Wall |
| 18:50 | Create | Demolition Raft |
| 18:54 | Create | Unit 2626 |
| 18:57 | Create | Fire Galley |
| 18:58 | Create | Fire Galley |
| 19:08 | Create | Villager (Male) |
| 19:08 | Create | Villager (Male) |
| 19:09 | Create | Villager (Male) |
| 19:09 | Create | Villager (Male) |
| 19:10 | Create | Villager (Male) |
| 19:11 | Create | Villager (Male) |
| 19:39 | Build | House |
| 19:40 | Build | House |
| 19:41 | Build | House |
| 19:42 | Build | House |
| 20:00 | Build | Lumber Camp |
| 20:48 | Build | Dock |
| 20:56 | Build | Dock |
| 21:55 | Build | House |
| 21:56 | Build | House |
| 21:57 | Build | House |
| 21:58 | Build | House |
| 21:59 | Build | House |
| 22:00 | Build | House |
| 22:01 | Build | House |
| 22:10 | Build | Mining Camp |
| 22:12 | Research | Castle Age |
| 22:24 | Research | Double-Bit Axe |
| 22:27 | Research | Horse Collar |
| 23:00 | Create | Trade Cog |
| 23:03 | Create | Trade Cog |
| 23:03 | Create | Trade Cog |
| 23:04 | Create | Trade Cog |
| 25:06 | Create | Transport Ship |
| 25:19 | Build | Town Center |
| 25:33 | Build | Town Center |
| 25:42 | Research | Caravan |
| 25:43 | Create | Trade Cart |
| 25:44 | Create | Trade Cart |
| 25:44 | Create | Trade Cart |
| 25:44 | Create | Trade Cart |
| 26:03 | Build | House |
| 26:03 | Build | House |
| 26:05 | Build | House |
| 26:06 | Build | House |
| 26:12 | Create | Villager (Male) |
| 26:12 | Create | Villager (Male) |
| 26:12 | Create | Villager (Male) |
| 26:13 | Create | Villager (Male) |
| 26:13 | Create | Villager (Male) |
| 27:00 | Build | Castle |
| 27:11 | Research | Heavy Plow |
| 27:16 | Research | Bow Saw |
| 27:53 | Research | Tech 905 |
| 27:54 | Research | War Galley (upgrade) |
| 27:55 | Research | Gillnets |
| 27:57 | Create | Demolition Raft |
| 27:58 | Create | Trade Cog |
| 28:36 | Build | Lumber Camp |
| 28:59 | Create | Villager (Male) |
| 29:01 | Research | Hand Cart |
| 29:02 | Create | Villager (Male) |
| 29:02 | Create | Villager (Male) |
| 29:02 | Create | Villager (Male) |
| 29:10 | Create | Villager (Male) |
| 29:11 | Create | Villager (Male) |
| 29:11 | Create | Villager (Male) |
| 29:15 | Create | Trade Cart |
| 29:16 | Create | Trade Cart |
| 29:16 | Create | Trade Cart |
| 30:19 | Build | Town Center |
| 30:34 | Build | University |
| 30:36 | Build | Monastery |
Build order — ArepitoElote
First 150 of 434 actions detected
| 0:07 | Create | Villager (Male) |
| 0:08 | Create | Villager (Male) |
| 0:08 | Create | Villager (Male) |
| 0:08 | Create | Villager (Male) |
| 0:08 | Create | Villager (Male) |
| 0:13 | Build | House |
| 1:57 | Build | House |
| 1:59 | Build | House |
| 2:00 | Build | House |
| 2:27 | Create | Villager (Male) |
| 2:33 | Create | Villager (Male) |
| 3:03 | Create | Villager (Male) |
| 3:50 | Create | Villager (Male) |
| 3:51 | Create | Villager (Male) |
| 4:02 | Build | House |
| 4:03 | Build | House |
| 4:05 | Build | House |
| 4:18 | Create | Villager (Male) |
| 5:27 | Create | Villager (Male) |
| 5:27 | Create | Villager (Male) |
| 5:38 | Build | Mill |
| 6:20 | Build | Mill |
| 6:33 | Create | Villager (Male) |
| 6:34 | Create | Villager (Male) |
| 6:50 | Create | Villager (Male) |
| 7:24 | Create | Villager (Male) |
| 8:33 | Create | Villager (Male) |
| 8:34 | Create | Villager (Male) |
| 8:48 | Build | Lumber Camp |
| 8:56 | Create | Villager (Male) |
| 9:51 | Create | Villager (Male) |
| 9:52 | Create | Villager (Male) |
| 10:19 | Create | Villager (Male) |
| 10:19 | Create | Villager (Male) |
| 10:50 | Build | Mining Camp |
| 11:03 | Create | Villager (Male) |
| 11:34 | Build | Farm |
| 11:34 | Build | Farm |
| 11:35 | Build | Farm |
| 11:35 | Build | Farm |
| 11:35 | Build | Farm |
| 11:36 | Build | Farm |
| 11:36 | Build | Farm |
| 12:12 | Create | Villager (Male) |
| 12:12 | Create | Villager (Male) |
| 12:17 | Research | Feudal Age |
| 12:23 | Create | Villager (Male) |
| 12:37 | Research | Feudal Age |
| 13:07 | Build | Barracks |
| 13:18 | Build | Mining Camp |
| 14:27 | Create | Villager (Male) |
| 14:28 | Create | Villager (Male) |
| 15:43 | Research | Loom |
| 16:01 | Build | Stone Wall |
| 16:09 | Build | Stone Wall |
| 16:25 | Build | Stone Wall |
| 16:28 | Create | Villager (Male) |
| 16:29 | Create | Villager (Male) |
| 16:29 | Create | Villager (Male) |
| 16:30 | Create | Villager (Male) |
| 17:23 | Build | Mill |
| 17:44 | Create | Villager (Male) |
| 18:23 | Build | Stone Wall |
| 18:35 | Build | Stable |
| 18:39 | Build | Stable |
| 18:41 | Build | Stable |
| 18:45 | Create | Villager (Male) |
| 18:46 | Create | Villager (Male) |
| 18:46 | Create | Villager (Male) |
| 19:24 | Build | Stone Wall |
| 19:34 | Build | Stone Wall |
| 19:41 | Create | Villager (Male) |
| 19:41 | Create | Villager (Male) |
| 20:13 | Build | Market |
| 20:20 | Build | House |
| 20:22 | Build | House |
| 20:24 | Build | House |
| 20:25 | Build | House |
| 20:26 | Build | House |
| 20:27 | Build | House |
| 21:21 | Build | Stable |
| 21:23 | Build | Stable |
| 21:25 | Build | Stable |
| 21:53 | Build | Stone Wall |
| 22:35 | Create | Scout Cavalry |
| 22:35 | Create | Scout Cavalry |
| 22:35 | Create | Scout Cavalry |
| 23:03 | Build | House |
| 23:04 | Build | House |
| 23:06 | Build | House |
| 23:08 | Research | Castle Age |
| 24:04 | Build | Barracks |
| 24:06 | Build | Barracks |
| 24:31 | Build | Building 487 |
| 24:50 | Build | Farm |
| 24:51 | Build | Farm |
| 24:59 | Build | Farm |
| 24:59 | Build | Farm |
| 24:59 | Build | Farm |
| 25:00 | Build | Farm |
| 25:00 | Build | Farm |
| 25:00 | Build | Farm |
| 25:00 | Build | Farm |
| 25:01 | Build | Farm |
| 25:01 | Build | Farm |
| 25:17 | Build | Stone Wall |
| 25:41 | Create | Villager (Male) |
| 25:41 | Create | Villager (Male) |
| 25:43 | Create | Villager (Male) |
| 26:02 | Build | Town Center |
| 26:50 | Create | Villager (Male) |
| 26:50 | Create | Villager (Male) |
| 26:50 | Create | Villager (Male) |
| 27:42 | Create | Villager (Male) |
| 27:51 | Build | Town Center |
| 28:23 | Build | Building 487 |
| 28:36 | Build | Farm |
| 28:44 | Build | Farm |
| 28:56 | Create | Villager (Male) |
| 28:57 | Create | Villager (Male) |
| 28:57 | Create | Villager (Male) |
| 28:57 | Create | Villager (Male) |
| 29:08 | Research | Caravan |
| 29:09 | Create | Trade Cart |
| 29:10 | Create | Trade Cart |
| 29:10 | Create | Trade Cart |
| 29:36 | Build | House |
| 29:38 | Build | House |
| 29:40 | Build | House |
| 29:42 | Build | House |
| 29:44 | Build | House |
| 29:51 | Build | House |
| 29:55 | Build | House |
| 30:51 | Build | Stone Wall |
| 30:59 | Build | Stone Wall |
| 31:19 | Build | Building 487 |
| 31:49 | Build | University |
| 31:58 | Build | Monastery |
| 32:43 | Research | Imperial Age |
| 32:59 | Create | Villager (Male) |
| 32:59 | Create | Villager (Male) |
| 33:00 | Create | Villager (Male) |
| 33:00 | Create | Villager (Male) |
| 33:19 | Research | Bloodlines |
| 33:20 | Create | Knight |
| 33:21 | Create | Knight |
| 33:21 | Create | Knight |
| 33:21 | Create | Knight |
| 33:21 | Create | Knight |
| 33:21 | Create | Knight |
Build order — Toffzter
First 150 of 416 actions detected
| 0:03 | Research | Loom |
| 0:04 | Create | Villager (Male) ×4 |
| 0:08 | Build | House |
| 0:09 | Build | House |
| 1:40 | Create | Villager (Male) |
| 1:40 | Create | Villager (Male) |
| 2:16 | Create | Villager (Male) |
| 2:16 | Create | Villager (Male) |
| 2:26 | Create | Villager (Male) |
| 2:26 | Create | Villager (Male) |
| 2:56 | Create | Villager (Male) |
| 3:16 | Create | Villager (Male) |
| 3:16 | Create | Villager (Male) |
| 3:31 | Build | Lumber Camp |
| 3:35 | Create | Villager (Male) |
| 3:35 | Create | Villager (Male) |
| 3:47 | Create | Villager (Male) |
| 3:47 | Create | Villager (Male) |
| 4:21 | Build | House |
| 4:22 | Build | House |
| 4:25 | Create | Villager (Male) ×2 |
| 5:09 | Create | Villager (Male) |
| 5:09 | Create | Villager (Male) |
| 6:06 | Build | Mill |
| 6:47 | Create | Villager (Male) |
| 6:48 | Create | Villager (Male) |
| 6:48 | Create | Villager (Male) |
| 6:51 | Create | Villager (Male) |
| 6:51 | Create | Villager (Male) |
| 6:52 | Create | Villager (Male) |
| 7:30 | Create | Villager (Male) ×3 |
| 7:31 | Create | Villager (Male) ×3 |
| 8:15 | Create | Villager (Male) |
| 8:58 | Build | House |
| 9:00 | Build | House |
| 9:01 | Build | House |
| 9:02 | Build | House |
| 9:02 | Build | House |
| 9:03 | Build | House |
| 9:25 | Build | Lumber Camp |
| 9:35 | Build | Dock |
| 9:44 | Create | Villager (Male) ×5 |
| 10:52 | Create | Villager (Male) |
| 12:14 | Build | Mining Camp |
| 12:27 | Build | Farm |
| 12:28 | Build | Farm |
| 12:29 | Build | Farm |
| 12:30 | Build | Farm |
| 12:31 | Build | Farm |
| 12:34 | Build | Farm |
| 12:35 | Build | Farm |
| 12:36 | Build | Farm |
| 12:37 | Build | Farm |
| 12:58 | Build | House |
| 12:59 | Build | House |
| 13:00 | Build | House |
| 13:10 | Create | Fishing Ship |
| 13:11 | Create | Fishing Ship |
| 13:44 | Research | Feudal Age |
| 14:00 | Create | Fishing Ship |
| 14:00 | Create | Fishing Ship |
| 14:29 | Build | Barracks |
| 14:50 | Create | Villager (Male) |
| 14:50 | Create | Villager (Male) |
| 15:30 | Build | Farm |
| 15:31 | Build | Farm |
| 15:32 | Build | Farm |
| 15:33 | Build | Farm |
| 15:34 | Build | Farm |
| 15:35 | Build | Farm |
| 15:50 | Build | Outpost |
| 15:58 | Research | Wheelbarrow |
| 15:58 | Research | Town Watch |
| 16:01 | Research | Double-Bit Axe |
| 16:03 | Research | Horse Collar |
| 16:26 | Build | Market |
| 16:36 | Build | Market |
| 17:00 | Build | Blacksmith |
| 17:13 | Build | Outpost |
| 17:30 | Research | Tech 906 |
| 17:35 | Create | Villager (Male) ×5 |
| 17:35 | Create | Villager (Male) ×5 |
| 18:22 | Build | Stable |
| 19:00 | Build | Farm |
| 19:20 | Build | Mining Camp |
| 19:34 | Research | Castle Age |
| 19:58 | Build | Stable |
| 20:17 | Research | Stone Mining |
| 20:18 | Research | Gold Mining |
| 20:22 | Research | Fletching |
| 21:04 | Build | Stone Wall |
| 21:32 | Research | Forging |
| 21:32 | Research | Scale Mail Armor |
| 21:33 | Research | Scale Barding Armor |
| 21:34 | Research | Padded Archer Armor |
| 23:42 | Research | Man-at-Arms (upgrade) |
| 23:43 | Research | Arson |
| 23:52 | Create | Villager (Male) |
| 23:52 | Create | Villager (Male) |
| 23:52 | Create | Villager (Male) |
| 24:32 | Build | Stone Wall |
| 24:56 | Create | Scout Cavalry |
| 25:17 | Research | Hand Cart |
| 25:17 | Research | Town Patrol |
| 25:21 | Research | Bow Saw |
| 25:23 | Research | Heavy Plow |
| 26:06 | Build | Stone Wall |
| 26:22 | Build | Town Center |
| 26:53 | Build | Building 673 |
| 27:33 | Create | Villager (Male) ×5 |
| 27:33 | Create | Villager (Male) |
| 27:33 | Create | Villager (Male) |
| 27:37 | Research | Gillnets |
| 28:07 | Research | War Galley (upgrade) |
| 28:18 | Build | Castle |
| 28:37 | Create | Galley |
| 28:37 | Create | Galley |
| 28:38 | Create | Galley |
| 28:43 | Research | Husbandry |
| 28:44 | Create | Knight ×5 |
| 28:44 | Create | Knight ×5 |
| 28:44 | Create | Knight ×5 |
| 28:44 | Create | Knight ×5 |
| 29:36 | Build | Mining Camp |
| 29:50 | Build | Lumber Camp |
| 30:16 | Create | Villager (Male) ×5 |
| 30:16 | Create | Villager (Male) |
| 31:31 | Create | Villager (Male) ×5 |
| 31:32 | Create | Villager (Male) ×5 |
| 31:32 | Create | Villager (Male) ×5 |
| 31:57 | Build | House |
| 31:58 | Build | House |
| 31:58 | Build | House |
| 31:58 | Build | House |
| 31:59 | Build | House |
| 31:59 | Build | House |
| 31:59 | Build | House |
| 31:59 | Build | House |
| 31:59 | Build | House |
| 32:01 | Build | House |
| 32:01 | Build | House |
| 32:01 | Build | House |
| 32:02 | Build | House |
| 32:02 | Build | House |
| 32:28 | Build | Town Center |
| 32:36 | Build | Monastery |
| 32:41 | Build | University |
| 32:50 | Build | Lumber Camp |
| 32:58 | Build | Farm |
| 33:07 | Create | Villager (Male) ×5 |
Build order — DagLider05
First 150 of 519 actions detected
| 0:05 | Create | Villager (Male) |
| 0:05 | Create | Villager (Male) |
| 0:06 | Create | Villager (Male) |
| 0:15 | Build | House |
| 0:17 | Build | House |
| 0:27 | Build | House |
| 0:28 | Build | House |
| 0:37 | Create | Villager (Male) |
| 0:37 | Create | Villager (Male) |
| 0:37 | Create | Villager (Male) |
| 0:37 | Create | Villager (Male) |
| 1:13 | Build | House |
| 2:09 | Create | Villager (Male) |
| 2:09 | Create | Villager (Male) |
| 2:57 | Create | Villager (Male) |
| 2:57 | Create | Villager (Male) |
| 2:57 | Create | Villager (Male) |
| 3:38 | Create | Villager (Male) |
| 3:38 | Create | Villager (Male) |
| 3:58 | Build | Palisade Wall |
| 4:03 | Create | Villager (Male) |
| 4:03 | Create | Villager (Male) |
| 4:04 | Create | Villager (Male) |
| 4:25 | Build | Mill |
| 5:02 | Create | Villager (Male) |
| 5:03 | Create | Villager (Male) |
| 5:03 | Create | Villager (Male) |
| 5:34 | Create | Villager (Male) |
| 5:35 | Create | Villager (Male) |
| 5:46 | Build | Mill |
| 6:04 | Create | Villager (Male) |
| 6:04 | Create | Villager (Male) |
| 6:18 | Build | Lumber Camp |
| 7:16 | Build | House |
| 7:21 | Create | Villager (Male) |
| 7:22 | Create | Villager (Male) |
| 7:22 | Create | Villager (Male) |
| 7:22 | Create | Villager (Male) |
| 7:27 | Create | Villager (Male) |
| 7:28 | Create | Villager (Male) |
| 7:46 | Build | House |
| 7:50 | Build | Palisade Gate |
| 8:02 | Build | Mill |
| 8:14 | Build | Mill |
| 8:29 | Create | Villager (Male) |
| 9:41 | Create | Villager (Male) |
| 9:41 | Create | Villager (Male) |
| 10:26 | Research | Feudal Age |
| 10:27 | Research | Feudal Age |
| 10:30 | Research | Loom |
| 10:47 | Create | Villager (Male) |
| 10:47 | Create | Villager (Male) |
| 11:00 | Build | Palisade Wall |
| 11:07 | Build | Palisade Wall |
| 11:08 | Build | Palisade Wall |
| 11:13 | Build | Building 804 |
| 11:28 | Build | Palisade Wall |
| 11:30 | Build | Palisade Wall |
| 11:35 | Build | Palisade Wall |
| 11:42 | Build | Building 804 |
| 11:56 | Build | Dock |
| 12:03 | Create | Villager (Male) |
| 12:03 | Create | Villager (Male) |
| 12:13 | Build | Farm |
| 12:14 | Build | Farm |
| 12:14 | Build | Farm |
| 13:10 | Build | Mining Camp |
| 13:26 | Create | Fishing Ship |
| 13:27 | Create | Fishing Ship |
| 13:27 | Create | Fishing Ship |
| 13:27 | Create | Fishing Ship |
| 13:29 | Create | Fishing Ship |
| 13:30 | Create | Fishing Ship |
| 13:54 | Build | Barracks |
| 14:05 | Build | Palisade Wall |
| 14:20 | Build | Farm |
| 14:20 | Build | Farm |
| 14:20 | Build | Farm |
| 14:20 | Build | Farm |
| 14:30 | Create | Villager (Male) |
| 14:30 | Create | Villager (Male) |
| 14:30 | Create | Villager (Male) |
| 14:30 | Create | Villager (Male) |
| 14:49 | Build | Building 804 |
| 15:03 | Build | Blacksmith |
| 15:07 | Build | Palisade Wall |
| 15:19 | Build | Palisade Gate |
| 15:23 | Build | House |
| 15:24 | Build | House |
| 15:24 | Build | House |
| 15:24 | Build | House |
| 15:25 | Build | House |
| 15:25 | Build | House |
| 15:38 | Create | Fishing Ship |
| 15:38 | Create | Fishing Ship |
| 16:09 | Build | House |
| 16:42 | Build | Market |
| 16:54 | Build | Palisade Wall |
| 17:03 | Build | Palisade Gate |
| 17:07 | Create | Villager (Male) |
| 17:07 | Create | Villager (Male) |
| 17:17 | Create | Fishing Ship |
| 17:17 | Create | Fishing Ship |
| 17:38 | Create | Villager (Male) |
| 18:08 | Build | Mining Camp |
| 18:19 | Research | Castle Age |
| 18:21 | Research | Double-Bit Axe |
| 18:55 | Build | Stable |
| 19:16 | Build | Stable |
| 19:29 | Research | Horse Collar |
| 19:46 | Research | Tech 906 |
| 20:02 | Create | Spearman |
| 20:02 | Create | Spearman |
| 20:03 | Create | Spearman |
| 21:00 | Build | Town Center |
| 21:42 | Build | Monastery |
| 22:05 | Build | Town Center |
| 23:00 | Create | Villager (Male) |
| 23:01 | Create | Villager (Male) |
| 23:01 | Create | Villager (Male) |
| 23:01 | Create | Villager (Male) |
| 23:01 | Create | Villager (Male) |
| 23:09 | Create | Villager (Male) |
| 23:09 | Create | Villager (Male) |
| 23:13 | Create | Villager (Male) |
| 23:13 | Create | Villager (Male) |
| 23:16 | Create | Monk |
| 23:16 | Create | Monk |
| 23:17 | Create | Monk |
| 23:30 | Create | Villager (Male) |
| 23:30 | Create | Villager (Male) |
| 23:35 | Create | Villager (Male) |
| 23:35 | Create | Villager (Male) |
| 24:08 | Build | Farm |
| 24:08 | Build | Farm |
| 24:08 | Build | Farm |
| 24:09 | Build | Farm |
| 24:10 | Build | Farm |
| 24:10 | Build | Farm |
| 24:10 | Build | Farm |
| 24:10 | Build | Farm |
| 24:11 | Build | Farm |
| 24:11 | Build | Farm |
| 24:11 | Build | Farm |
| 24:12 | Build | Farm |
| 24:12 | Build | Farm |
| 24:13 | Create | Villager (Male) |
| 24:14 | Create | Villager (Male) |
| 24:22 | Research | Fervor |
| 24:40 | Create | Transport Ship |
Build order — christopherpark5588
First 150 of 796 actions detected
| 0:19 | Research | Loom |
| 1:42 | Create | Villager (Male) |
| 2:42 | Create | Villager (Male) |
| 2:42 | Create | Villager (Male) |
| 2:56 | Build | House |
| 2:57 | Build | House |
| 3:00 | Build | House |
| 3:03 | Build | House |
| 3:04 | Build | House |
| 3:07 | Build | House |
| 3:14 | Create | Villager (Male) |
| 3:28 | Create | Villager (Male) |
| 4:14 | Create | Villager (Male) |
| 4:15 | Create | Villager (Male) |
| 4:15 | Create | Villager (Male) |
| 4:32 | Create | Villager (Male) |
| 6:07 | Build | Mill |
| 6:40 | Build | House |
| 6:42 | Build | House |
| 6:57 | Create | Villager (Male) |
| 6:58 | Create | Villager (Male) |
| 6:58 | Create | Villager (Male) |
| 7:20 | Create | Villager (Male) |
| 7:23 | Create | Villager (Male) |
| 7:31 | Create | Villager (Male) |
| 7:32 | Create | Villager (Male) |
| 7:38 | Create | Villager (Male) |
| 7:40 | Create | Villager (Male) |
| 7:58 | Create | Villager (Male) |
| 8:07 | Create | Villager (Male) |
| 8:21 | Build | Lumber Camp |
| 8:30 | Create | Villager (Male) |
| 8:52 | Create | Villager (Male) |
| 9:38 | Build | Mill |
| 10:10 | Create | Villager (Male) |
| 10:13 | Create | Villager (Male) |
| 10:39 | Build | Mill |
| 10:48 | Create | Villager (Male) |
| 10:54 | Create | Villager (Male) |
| 10:54 | Create | Villager (Male) |
| 11:27 | Create | Villager (Male) |
| 11:28 | Create | Villager (Male) |
| 11:52 | Build | Mining Camp |
| 11:57 | Create | Villager (Male) |
| 11:57 | Create | Villager (Male) |
| 12:01 | Create | Villager (Male) |
| 12:01 | Create | Villager (Male) |
| 12:14 | Create | Villager (Male) |
| 12:19 | Create | Villager (Male) |
| 12:35 | Create | Villager (Male) |
| 12:49 | Create | Villager (Male) |
| 13:11 | Create | Villager (Male) |
| 13:16 | Create | Villager (Male) |
| 13:30 | Create | Villager (Male) |
| 13:49 | Create | Villager (Male) |
| 13:56 | Create | Villager (Male) |
| 14:09 | Create | Villager (Male) |
| 14:26 | Create | Villager (Male) |
| 14:31 | Create | Villager (Male) |
| 15:03 | Create | Villager (Male) |
| 15:35 | Build | Mining Camp |
| 15:58 | Build | Farm |
| 15:59 | Build | Farm |
| 16:01 | Build | Farm |
| 16:29 | Build | Farm |
| 17:09 | Build | Farm |
| 17:42 | Build | Farm |
| 18:18 | Build | Farm |
| 18:25 | Research | Feudal Age |
| 18:49 | Create | Villager (Male) |
| 18:52 | Research | Feudal Age |
| 18:56 | Build | House |
| 18:57 | Build | House |
| 18:58 | Build | House |
| 19:00 | Build | House |
| 19:52 | Build | Farm |
| 19:53 | Build | Farm |
| 19:54 | Build | Farm |
| 20:23 | Create | Villager (Male) |
| 20:23 | Create | Villager (Male) |
| 20:23 | Create | Villager (Male) |
| 20:24 | Create | Villager (Male) |
| 20:40 | Create | Villager (Male) |
| 21:06 | Build | Barracks |
| 22:28 | Build | House |
| 22:29 | Build | House |
| 22:35 | Build | Stone Wall |
| 22:39 | Build | Stone Wall |
| 22:42 | Build | Stone Wall |
| 22:45 | Build | Building 487 |
| 22:55 | Build | Stone Wall |
| 22:57 | Build | Building 490 |
| 23:01 | Build | Archery Range |
| 23:06 | Research | Double-Bit Axe |
| 23:09 | Research | Horse Collar |
| 23:35 | Research | Stone Mining |
| 23:40 | Research | Gold Mining |
| 24:08 | Build | House |
| 24:09 | Build | House |
| 24:10 | Build | House |
| 24:11 | Build | House |
| 24:17 | Create | Villager (Male) |
| 24:17 | Create | Villager (Male) |
| 24:17 | Create | Villager (Male) |
| 24:18 | Create | Villager (Male) |
| 24:18 | Create | Villager (Male) |
| 24:37 | Build | Lumber Camp |
| 25:02 | Build | Stone Wall |
| 25:04 | Build | Building 490 |
| 25:15 | Build | Stone Wall |
| 25:30 | Build | Market |
| 25:56 | Build | Blacksmith |
| 26:45 | Build | Stone Wall |
| 26:47 | Build | Building 487 |
| 26:53 | Build | Blacksmith |
| 27:00 | Research | Castle Age |
| 27:06 | Build | Farm |
| 27:08 | Build | Farm |
| 27:16 | Build | Farm |
| 27:21 | Build | Farm |
| 27:22 | Build | Farm |
| 27:27 | Build | Farm |
| 27:40 | Create | Trade Cart |
| 27:40 | Create | Trade Cart |
| 28:02 | Research | Forging |
| 28:02 | Research | Scale Mail Armor |
| 28:24 | Build | Farm |
| 28:26 | Build | Mill |
| 28:28 | Build | Farm |
| 28:29 | Build | Farm |
| 28:31 | Build | Farm |
| 28:32 | Build | Farm |
| 28:35 | Build | Farm |
| 28:39 | Research | Fletching |
| 28:39 | Research | Padded Archer Armor |
| 28:53 | Build | House |
| 28:54 | Build | House |
| 28:55 | Build | House |
| 29:05 | Build | Barracks |
| 29:26 | Build | Stone Wall |
| 29:27 | Build | Building 490 |
| 29:40 | Research | Padded Archer Armor |
| 29:46 | Build | Castle |
| 29:48 | Research | Pikeman (upgrade) |
| 29:49 | Research | Squires |
| 29:50 | Research | Arson |
| 29:56 | Create | Villager (Male) |
| 29:57 | Create | Villager (Male) |
| 30:01 | Research | Caravan |
| 30:05 | Research | Heavy Plow |
Build order — exedra06
First 150 of 655 actions detected
| 0:02 | Create | Villager (Male) |
| 0:03 | Create | Villager (Male) |
| 0:03 | Create | Villager (Male) |
| 0:03 | Create | Villager (Male) |
| 0:19 | Build | House |
| 0:24 | Build | House |
| 1:56 | Create | Villager (Male) |
| 1:56 | Create | Villager (Male) |
| 2:13 | Build | Lumber Camp |
| 2:44 | Create | Villager (Male) |
| 2:44 | Create | Villager (Male) |
| 3:23 | Create | Villager (Male) |
| 3:41 | Create | Villager (Male) |
| 3:41 | Create | Villager (Male) |
| 3:59 | Create | Villager (Male) |
| 3:59 | Create | Villager (Male) |
| 4:12 | Build | House |
| 4:13 | Build | House |
| 4:15 | Build | House |
| 4:18 | Create | Villager (Male) |
| 4:19 | Create | Villager (Male) |
| 4:55 | Build | Mill |
| 5:16 | Build | House |
| 5:23 | Create | Villager (Male) |
| 5:23 | Create | Villager (Male) |
| 6:24 | Build | Mill |
| 6:26 | Create | Villager (Male) |
| 6:27 | Create | Villager (Male) |
| 6:27 | Create | Villager (Male) |
| 6:59 | Build | Farm |
| 7:23 | Build | Farm |
| 7:27 | Create | Villager (Male) |
| 7:27 | Create | Villager (Male) |
| 8:00 | Create | Villager (Male) |
| 8:00 | Create | Villager (Male) |
| 8:38 | Create | Villager (Male) |
| 8:39 | Create | Villager (Male) |
| 9:04 | Build | Mining Camp |
| 9:30 | Create | Villager (Male) |
| 9:30 | Create | Villager (Male) |
| 9:30 | Create | Villager (Male) |
| 10:17 | Build | Farm |
| 10:46 | Build | Farm |
| 11:07 | Build | Farm |
| 11:07 | Build | Farm |
| 11:17 | Build | Farm |
| 11:30 | Research | Loom |
| 11:56 | Research | Feudal Age |
| 12:24 | Build | House |
| 12:27 | Build | House |
| 12:30 | Build | House |
| 12:32 | Build | House |
| 12:38 | Build | House |
| 12:56 | Create | Villager (Male) |
| 12:56 | Create | Villager (Male) |
| 13:20 | Build | Lumber Camp |
| 14:18 | Build | Market |
| 14:22 | Build | Blacksmith |
| 14:36 | Create | Villager (Male) |
| 15:29 | Build | House |
| 15:30 | Build | House |
| 15:41 | Create | Villager (Male) |
| 16:17 | Build | Lumber Camp |
| 16:20 | Research | Castle Age |
| 16:48 | Build | Mining Camp |
| 17:31 | Build | House |
| 17:32 | Build | House |
| 17:33 | Build | House |
| 17:56 | Build | Farm |
| 18:06 | Research | Double-Bit Axe |
| 18:19 | Research | Horse Collar |
| 18:32 | Create | Villager (Male) |
| 18:32 | Create | Villager (Male) |
| 18:32 | Create | Villager (Male) |
| 19:12 | Build | Town Center |
| 19:51 | Build | Town Center |
| 20:01 | Create | Villager (Male) |
| 20:23 | Build | House |
| 20:25 | Build | House |
| 20:40 | Build | Stone Wall |
| 20:44 | Create | Villager (Male) |
| 20:50 | Create | Villager (Male) |
| 20:50 | Create | Villager (Male) |
| 21:01 | Build | Farm |
| 21:10 | Build | Farm |
| 21:30 | Create | Villager (Male) |
| 21:30 | Create | Villager (Male) |
| 21:35 | Research | Wheelbarrow |
| 21:53 | Research | Wheelbarrow |
| 22:10 | Create | Villager (Male) |
| 22:10 | Create | Villager (Male) |
| 22:11 | Create | Villager (Male) |
| 22:11 | Create | Villager (Male) |
| 23:08 | Create | Villager (Male) |
| 23:08 | Create | Villager (Male) |
| 23:08 | Create | Villager (Male) |
| 23:09 | Create | Villager (Male) |
| 23:09 | Create | Villager (Male) |
| 23:19 | Build | Farm |
| 23:20 | Build | Farm |
| 23:21 | Build | Farm |
| 23:21 | Build | Farm |
| 23:22 | Build | Farm |
| 23:25 | Build | Farm |
| 23:40 | Build | Farm |
| 23:41 | Build | Farm |
| 23:42 | Build | Farm |
| 24:07 | Build | Monastery |
| 24:14 | Research | Hand Cart |
| 24:35 | Create | Villager (Male) |
| 24:35 | Create | Villager (Male) |
| 24:48 | Build | Farm |
| 24:49 | Build | Farm |
| 25:03 | Build | Farm |
| 25:04 | Build | Farm |
| 25:09 | Create | Villager (Male) |
| 25:09 | Create | Villager (Male) |
| 25:09 | Create | Villager (Male) |
| 25:13 | Create | Villager (Male) |
| 25:13 | Create | Villager (Male) |
| 25:29 | Build | Barracks |
| 25:32 | Create | Monk |
| 25:38 | Create | Villager (Male) |
| 25:38 | Create | Villager (Male) |
| 25:42 | Create | Villager (Male) |
| 25:42 | Create | Villager (Male) |
| 26:04 | Build | Mill |
| 26:08 | Build | Farm |
| 26:08 | Build | Farm |
| 26:09 | Build | Farm |
| 26:10 | Build | Farm |
| 26:11 | Build | Farm |
| 26:12 | Build | Farm |
| 26:21 | Create | Villager (Male) |
| 26:21 | Create | Villager (Male) |
| 26:21 | Create | Villager (Male) |
| 26:40 | Build | Barracks |
| 26:42 | Build | Barracks |
| 27:06 | Build | Farm |
| 27:24 | Build | Castle |
| 27:42 | Create | Villager (Male) |
| 27:42 | Create | Villager (Male) |
| 27:42 | Create | Villager (Male) |
| 27:43 | Create | Villager (Male) |
| 27:43 | Create | Villager (Male) |
| 27:43 | Create | Villager (Male) |
| 27:44 | Create | Villager (Male) |
| 27:45 | Create | Villager (Male) |
| 27:45 | Create | Villager (Male) |
| 27:48 | Create | Villager (Male) |
Match timeline
| 3:58 | DagLider05 · wall_segment Palisade Wall x8 |
| 8:03 | SkilzDatKilz845 · first_building Barracks |
| 9:00 | fred.ferrone · first_building Dock |
| 9:35 | Toffzter · first_building Dock |
| 9:50 | SkilzDatKilz845 · first_building Dock |
| 10:08 | fred.ferrone · first_building Barracks |
| 10:36 | Jaereg · first_building Dock |
| 11:00 | DagLider05 · wall_segment Palisade Wall x1 |
| 11:07 | DagLider05 · wall_segment Palisade Wall x1 |
| 11:08 | DagLider05 · wall_segment Palisade Wall x7 |
| 11:28 | DagLider05 · wall_segment Palisade Wall x3 |
| 11:30 | DagLider05 · wall_segment Palisade Wall x7 |
| 11:35 | DagLider05 · wall_segment Palisade Wall x4 |
| 11:56 | DagLider05 · first_building Dock |
| 13:07 | ArepitoElote · first_building Barracks |
| 13:54 | DagLider05 · first_building Barracks |
| 14:05 | DagLider05 · wall_segment Palisade Wall x11 |
| 14:29 | Toffzter · first_building Barracks |
| 15:02 | fred.ferrone · wall_segment Stone Wall x17 |
| 15:07 | DagLider05 · wall_segment Palisade Wall x1 |
| 15:21 | fred.ferrone · wall_segment Stone Wall x9 |
| 15:27 | fred.ferrone · wall_segment Stone Wall x11 |
| 15:41 | fred.ferrone · wall_segment Stone Wall x11 |
| 16:01 | ArepitoElote · wall_segment Stone Wall x3 |
| 16:09 | ArepitoElote · wall_segment Stone Wall x2 |
| 16:25 | ArepitoElote · wall_segment Stone Wall x10 |
| 16:54 | DagLider05 · wall_segment Palisade Wall x8 |
| 17:27 | Jaereg · first_market_sell 100 wood |
| 17:29 | Jaereg · first_market_buy 100 food |
| 17:32 | SkilzDatKilz845 · first_building Archery Range |
| 18:16 | SkilzDatKilz845 · first_building Stable |
| 18:19 | fred.ferrone · wall_segment Stone Wall x10 |
| 18:22 | Toffzter · first_building Stable |
| 18:23 | ArepitoElote · wall_segment Stone Wall x19 |
| 18:35 | ArepitoElote · first_building Stable |
| 18:55 | DagLider05 · first_building Stable |
| 19:24 | ArepitoElote · wall_segment Stone Wall x2 |
| 19:34 | ArepitoElote · wall_segment Stone Wall x15 |
| 20:25 | DagLider05 · first_market_buy 100 wood |
| 20:40 | exedra06 · wall_segment Stone Wall x12 |
| 20:55 | SkilzDatKilz845 · first_market_buy 100 food |
| 21:04 | Toffzter · wall_segment Stone Wall x15 |
| 21:06 | christopherpark5588 · first_building Barracks |
| 21:32 | Jaereg · first_building Monastery |
| 21:42 | DagLider05 · first_building Monastery |
| 21:50 | DagLider05 · first_market_sell 100 stone |
| 21:53 | ArepitoElote · wall_segment Stone Wall x22 |
| 22:35 | christopherpark5588 · wall_segment Stone Wall x16 |
| 22:39 | christopherpark5588 · wall_segment Stone Wall x13 |
| 22:42 | christopherpark5588 · wall_segment Stone Wall x13 |
| 22:55 | christopherpark5588 · wall_segment Stone Wall x18 |
| 23:01 | christopherpark5588 · first_building Archery Range |
| 24:01 | SkilzDatKilz845 · first_building Castle |
| 24:07 | exedra06 · first_building Monastery |
| 24:32 | Toffzter · wall_segment Stone Wall x10 |
| 25:02 | christopherpark5588 · wall_segment Stone Wall x13 |
| 25:08 | DagLider05 · first_building Castle |
| 25:15 | christopherpark5588 · wall_segment Stone Wall x9 |
| 25:17 | ArepitoElote · wall_segment Stone Wall x23 |
| 25:29 | exedra06 · first_building Barracks |
| 26:06 | Toffzter · wall_segment Stone Wall x37 |
| 26:45 | christopherpark5588 · wall_segment Stone Wall x9 |
| 26:57 | christopherpark5588 · first_market_buy 100 food |
| 27:00 | fred.ferrone · first_building Castle |
| 27:24 | exedra06 · first_building Castle |
| 28:18 | Toffzter · first_building Castle |
| 29:26 | christopherpark5588 · wall_segment Stone Wall x10 |
| 29:46 | christopherpark5588 · first_building Castle |
| 30:36 | fred.ferrone · first_building Monastery |
| 30:51 | ArepitoElote · wall_segment Stone Wall x14 |
| 30:59 | ArepitoElote · wall_segment Stone Wall x11 |
| 31:17 | DagLider05 · wall_segment Palisade Wall x6 |
| 31:58 | ArepitoElote · first_building Monastery |
| 32:06 | fred.ferrone · first_market_buy 100 food |
| 32:36 | Toffzter · first_building Monastery |
| 33:02 | SkilzDatKilz845 · first_market_sell 100 wood |
| 33:39 | Jaereg · wall_segment Stone Wall x17 |
| 33:42 | Jaereg · wall_segment Stone Wall x16 |
| 38:19 | fred.ferrone · first_building Siege Workshop |
| 38:56 | Toffzter · first_building Siege Workshop |
| 39:05 | ArepitoElote · first_building Castle |
| 40:48 | Jaereg · first_building Siege Workshop |
| 41:29 | Jaereg · first_building Castle |
| 42:00 | Jaereg · first_building Barracks |
| 43:39 | Toffzter · first_market_buy 100 stone |
| 44:00 | Toffzter · first_market_sell 500 food |
| 44:54 | ArepitoElote · wall_segment Stone Wall x1 |
| 46:39 | christopherpark5588 · wall_segment Stone Wall x11 |
| 49:12 | DagLider05 · first_building Archery Range |
| 50:36 | christopherpark5588 · first_building Monastery |
| 51:33 | christopherpark5588 · first_market_sell 100 food |
| 53:27 | DagLider05 · wall_segment Stone Wall x13 |
| 56:21 | ArepitoElote · wall_segment Stone Wall x14 |
| 57:08 | Jaereg · tribute_sent a jugador 2 |
| 57:08 | Jaereg · tribute_sent a jugador 3 |
| 57:08 | Jaereg · tribute_sent a jugador 4 |
| 57:08 | Jaereg · tribute_sent a jugador 5 |
| 57:08 | Jaereg · tribute_sent a jugador 6 |
| 57:08 | Jaereg · tribute_sent a jugador 7 |
| 57:08 | Jaereg · tribute_sent a jugador 8 |
| 57:16 | Jaereg · tribute_sent a jugador 2 |
| 57:16 | Jaereg · tribute_sent a jugador 3 |
| 57:16 | Jaereg · tribute_sent a jugador 4 |
| 57:16 | Jaereg · tribute_sent a jugador 5 |
| 57:16 | Jaereg · tribute_sent a jugador 6 |
| 57:16 | Jaereg · tribute_sent a jugador 7 |
| 57:16 | Jaereg · tribute_sent a jugador 8 |
| 65:19 | christopherpark5588 · first_building Siege Workshop |
| 65:25 | Jaereg · wall_segment Stone Wall x5 |
| 65:41 | Jaereg · wall_segment Stone Wall x3 |
| 66:07 | ArepitoElote · resign |
| 66:12 | Jaereg · wall_segment Stone Wall x4 |
[ AI ANALYSIS · 1 CREDIT ]
What really happened in this match?
Wolo.gg analyzes every decision: build order, eco, micro, common mistakes by bracket. Personalized analysis on WhatsApp or Discord in 30 seconds.
Civ guide
Japanese
Map guide
MegaRandom
Perfil
SkilzDatKilz845